Map: Ephemeron LE

Players

Mez - Winner!

  • Race: Terran Terran
  • League: Master
  • Spawn Location: 11:00

Kalysm

  • Race: Protoss Protoss
  • League: Master
  • Spawn Location: 5:00

VOD

Have the link to the VOD?

Description

Time

  • Played on: Sept. 9, 2019, 1:11 p.m.
  • Length: 8:32
Show
View Real Time Build Order
Export as new Build Order

Mez Terran - Winner!

Build Orders: Reaper Expand 

Get SALT Encoding   

  12  0:01  SCV  
  13  0:13  SCV  
  14  0:17  Supply Depot  
  14  0:25  SCV  
  15  0:39  SCV  
  15  0:40  Barracks  
  16  0:44  Refinery  
  16  0:51  SCV  
  17  1:03  SCV  
  18  1:15  SCV  
  19  1:31  Orbital Command, Reaper  
  20  1:45  Command Center  
  20  1:53  Bunker  
  20  1:58  SCV  
  21  2:03  Supply Depot  
  21  2:07  Marine  
  22  2:12  SCV  
  23  2:19  Factory  
  23  2:24  SCV  
  23  2:27  Barracks Reactor  
  24  2:36  SCV  
  25  2:38  Refinery  
  25  2:49  SCV  
  26  3:01  SCV  
  27  3:05  Marine x2  
  27  3:06  Starport  
  27  3:07  Orbital Command  
  29  3:13  SCV  
  29  3:15  Factory Tech Lab  
  30  3:23  Marine x2  
  30  3:25  SCV  
  33  3:27  Refinery  
  33  3:32  SCV  
  34  3:37  SCV  
  34  3:40  Cyclone  
  38  3:42  Viking  
  40  3:49  SCV  
  40  4:01  Marine x2, SCV  
  43  4:03  SCV  
  44  4:13  SCV  
  45  4:18  Marine  
  46  4:25  Supply Depot  
  46  4:31  Marine  
  46  4:32  Viking  
  46  4:35  Cyclone  
  46  4:38  Marine  
  43  4:42  Barracks  
  43  4:43  Barracks  
  43  4:44  Supply Depot  
  44  4:49  Marine  
  45  4:54  Supply Depot  
  45  4:56  Marine  
  46  5:13  Cyclone  
  50  5:17  SCV x2  
  50  5:19  Viking x2  
  55  5:23  Barracks Tech Lab  
  55  5:29  SCV  
  55  5:30  Supply Depot  
  56  5:47  Cyclone  
  56  5:48  Mag-Field Accelerator  
  54  6:07  Viking x2  
  54  6:09  SCV  
  54  6:10  SCV  
  60  6:20  Cyclone  
  60  6:21  SCV  
  60  6:22  Marine x3, SCV  
  62  6:49  SCV x2  
  62  6:52  Cyclone  
  67  6:56  Marine  
  67  6:57  Marine  
  67  6:59  Supply Depot, Marine  
  70  7:03  Viking  
  72  7:13  SCV x2  
  72  7:14  Marine x2  
  76  7:17  Marine  
  67  7:32  Marine  
  61  7:45  Siege Tank  
  61  7:46  Viking x2  
  61  7:47  Marine  
  68  7:57  Marine x2  
  68  8:04  Marine  
  69  8:10  SCV  
Show
View Real Time Build Order
Export as new Build Order

Kalysm Protoss 

Build Orders:  

Get SALT Encoding   

  12  0:00  Probe  
  13  0:12  Probe  
  14  0:21  Pylon  
  14  0:25  Probe  
  15  0:36  Probe  
  15  0:40  Gateway  
  16  0:44  Probe  
  17  0:51  Assimilator  
  17  0:53  Probe  
  18  1:00  Assimilator  
  18  1:06  Probe  
  19  1:18  Probe  
  20  1:32  Cybernetics Core  
  20  1:33  Probe  
  21  1:41  Probe  
  21  1:46  Pylon  
  22  1:50  Probe  
  23  1:58  Adept  
  26  2:08  Warp Gate  
  26  2:10  Stargate  
  25  2:18  Pylon  
  25  2:28  Adept  
  27  2:37  Gateway x2  
  27  2:53  Void Ray  
  27  2:56  Pylon  
  30  3:16  Pylon  
  30  3:34  Void Ray  
  30  3:36  Gateway  
  32  4:03  Adept x3  
  32  4:09  Void Ray  
  38  4:20  Probe  
  43  4:25  Sentry  
  43  4:27  Adept  
  43  4:28  Zealot  
  43  4:47  Zealot  
  43  4:48  Zealot  
  47  4:57  Pylon  
  43  5:09  Zealot x3  
  45  5:15  Shield Battery  
  45  5:21  Sentry  
  47  5:25  Shield Battery  
  47  5:42  Shield Battery  
  47  5:43  Sentry x3  
  53  5:55  Stalker  
  45  6:07  Zealot x2  
  45  6:08  Zealot  
  51  6:19  Zealot  
  51  6:21  Void Ray  
  57  6:47  Zealot x2  
  57  6:52  Shield Battery  
  61  6:58  Pylon  
  57  7:10  Zealot  
  57  7:12  Zealot  
  61  7:17  Sentry  
  61  7:18  Sentry  
  39  7:38  Zealot x2  
  39  7:44  Zealot  
  45  7:48  Stalker  
  47  7:59  Stalker  
  47  8:10  Stalker  
  47  8:12  Stalker  
  41  8:27  Stalker  
Tags
 
Add a new tag
Caveats
  • Supply blocks, unpowered buildings, or Contaminate may cause inaccurate times.
  • Supply counts are checked every 10 seconds.